 Dungeon Crawl Stone Soup version 0.27-a0-887-gcab673c142 (webtiles) character file.

Game seed: 10931527138480159967

2 Alarkh the Insei (level 1, 0/16 HPs)
             Began as a Demonspawn Gladiator on Apr 4, 2021.
             Slain by a quokka (4 damage)
             ... on level 1 of the Dungeon.
             The game lasted 00:00:10 (95 turns).

Alarkh the Insei (Demonspawn Gladiator)               Turns: 95, Time: 00:00:10

Health: 0/16       AC:  4    Str: 14    XL:     1   Next: 33%
Magic:  1/1        EV: 12    Int:  9    God:
Gold:   16         SH:  0    Dex: 14    Spells: 0/0 levels left

rFire    . . .     SeeInvis .     - Unarmed
rCold    . . .     Faith    .   (no shield)
rNeg     . . .     Spirit   .   a - +0 leather armour
rPois    .         Reflect  .   b - +0 helmet
rElec    .         Harm     .   (no cloak)
rCorr    .         Rampage  .   (no gloves)
Will     .....                  (no boots)
Stlth    +.........             (no amulet)
HPRegen  0.05/turn              (no ring)
MPRegen  0.07/turn              (no ring)

@: no status effects
A: no striking features
a: no special abilities


You were on level 1 of the Dungeon.
You visited 1 branch of the dungeon, and saw 1 of its levels.

You collected 16 gold pieces.

Inventory:

Missiles
 c - 3 throwing nets (quivered)
Armour
 a - a +0 leather armour (worn)
 b - a +0 helmet (worn)


   Skills:
 + Level 2.0 Fighting
 - Level 1.7 Throwing
 - Level 2.6 Dodging
 * Level 2.8 Unarmed Combat


You couldn't memorise any spells.
You didn't know any spells.
Your spell library was empty.

Dungeon Overview and Level Annotations

Branches:
Dungeon (1/15)

Altars:


Message History

The hobgoblin is severely wounded.
The hobgoblin barely misses you.
You hit the hobgoblin but do no damage.
The hobgoblin is severely wounded.
The hobgoblin misses you.
You closely miss the hobgoblin.
The hobgoblin is severely wounded.
The hobgoblin closely misses you.
You hit the hobgoblin.
You kill the hobgoblin!
You closely miss the goblin. Your punch misses the goblin.
The goblin completely misses you.
You barely miss the goblin. Your punch misses the goblin.
The goblin closely misses you.
You hit the goblin.
The goblin is severely wounded.
The goblin hits you with a +0 club.
You hit the goblin.
You kill the goblin!
You closely miss the quokka.
The quokka bites you but does no damage.
You hit the quokka but do no damage. The quokka barely misses you.
You barely miss the quokka. The quokka closely misses you.
The quokka bites you but does no damage.
You hit the quokka but do no damage. The quokka closely misses you.
You barely miss the quokka. The quokka bites you.
* * * LOW HITPOINT WARNING * * *
You closely miss the quokka.
The quokka bites you but does no damage.
You closely miss the quokka. The quokka closely misses you.
You closely miss the quokka.
The quokka bites you but does no damage.
You completely miss the quokka. The quokka barely misses you. x2
You hit the quokka.
The quokka is almost dead.
The quokka bites you but does no damage.
You closely miss the quokka.
The quokka is almost dead.
The quokka bites you.
You die...

# # # ## .###
...###########
##...#.......#
###.........######
##.........lr@.##
##.......####..#
##.......####.≈#
##.............≈#
.......<#.....≈≈#
###..##.##...≈≈≈≈#
##.......≈≈≈≈≈≈#
#.....≈≈≈≈≈≈≈≈#
#....≈≈≈≈≈≈≈≈≈#


You could see a quokka and a frilled lizard.

Vanquished Creatures
  A goblin (D:1)
  A hobgoblin (D:1)
2 creatures vanquished.

Notes
Turn   | Place    | Note
-------+----------+-------------------------------------------
     0 | D:1      | Alarkh the Demonspawn Gladiator began the quest for the
                  | Orb.
     0 | D:1      | Reached XP level 1. HP: 16/16 MP: 1/1
    95 | D:1      | Slain by a quokka

Illustrated notes

Levels and vault maps discovered:
D:1:      dpeg_arrival_water_altar, layout_rooms, basic_ecumenical_altar

Action                   || total
-------------------------++-------
Melee: Unarmed           ||    27
Armor: Leather armour    ||     6
Dodge: Dodged            ||    17

Table legend: (Time is in decaauts)
 A = Elapsed time spent in this place.
 B = Non-inter-level travel time spent in this place.
 C = Inter-level travel time spent in this place.
 D = Time resting spent in this place.
 E = Time spent auto-exploring this place.
 F = Levels seen in this place.
 G = Mean time per level.
                   A        B        C        D        E       F      G
               +--------+--------+--------+--------+--------+-----+--------+
         Total |     94 |     94 |      0 |      0 |     43 |   1 |   94.0 |
       Dungeon |     94 |     94 |      0 |      0 |     43 |   1 |   94.0 |
               +--------+--------+--------+--------+--------+-----+--------+

Top non-repeatable levels by time:
     D:1: 94 daAuts
